 Dungeon Crawl Stone Soup version 0.18-a0-965-g9200175 (webtiles) character file.

1736 root the Carver (level 8, -4/70 HPs)
             Began as a Minotaur Fighter on Jan 1, 2016.
             Was a Believer of Makhleb.
             Slain by Voda's ghost (8 damage)
             ... on level 7 of the Dungeon.
             The game lasted 00:16:32 (5187 turns).

root the Carver (Minotaur Fighter)                  Turns: 5187, Time: 00:16:33

Health: -4/70      AC:  8    Str: 24    XL:     8   Next: 76%
Magic:  7/7        EV:  6    Int:  5    God:    Makhleb [**....]
Gold:   325        SH: 11    Dex: 12    Spells: 0 memorised, 7 levels left

rFire  . . .     SeeInvis .     a - +0 long sword
rCold  . . .     Gourm    .     H - +0 ring mail {rPois}
rNeg   . . .     Faith    .     c - +0 shield
rPois  +         Spirit   .     (helmet restricted)
rElec  .         Dismiss  .     r - +0 cloak
rCorr  .         Reflect  .     (no gloves)
SustAt .         Harm     .     J - +0 pair of boots
MR     .....                    (no amulet)
Stlth  +.........               I - +3 ring of strength
                                y - ring of flight

@: not resistant to hostile enchantments, very unstealthy
A: retaliatory headbutt, horns 2
a: Minor Destruction, Renounce Religion, Evoke Flight


You were on level 7 of the Dungeon.
You worshipped Makhleb.
Makhleb was pleased with you.
You were not hungry.

You visited 2 branches of the dungeon, and saw 8 of its levels.

You collected 325 gold pieces.

Inventory:

Hand Weapons
 a - a +0 long sword (weapon)
Missiles
 u - 3 throwing nets (quivered)
Armour
 c - a +0 shield (worn)
 r - a +0 cloak (worn)
 H - a +0 ring mail of poison resistance (worn)
 J - a +0 pair of boots (worn)
Jewellery
 s - a +3 ring of intelligence
 v - an uncursed ring of fire
 y - a ring of flight (left hand)
 I - a +3 ring of strength (right hand)
Wands
 b - a wand of confusion (28/48)
 D - a wand of lightning (7/15)
 E - a wand of paralysis (10/24)
Scrolls
 h - 3 scrolls of enchant armour {unknown}
 i - 11 scrolls of identify {unknown}
 l - 5 scrolls of magic mapping {unknown}
 m - 2 scrolls of noise {unknown}
 n - 5 scrolls of remove curse {unknown}
 p - 9 scrolls of teleportation {unknown}
 z - a scroll of fog {unknown}
 A - a scroll of recharging {unknown}
 K - a scroll of random uselessness {unknown}
Potions
 d - 2 potions of might
 e - a potion of ambrosia {unknown}
 g - a potion of invisibility {unknown}
 j - a potion of lignification {unknown}
 k - 2 potions of flight {unknown}
 q - a potion of cancellation {unknown}
 x - a potion of beneficial mutation {unknown}
 B - 2 potions of heal wounds {unknown}
 C - a potion of resistance {unknown}
 G - a potion of curing {unknown}
Comestibles
 f - 6 bread rations
 o - 2 beef jerkies
 t - 2 meat rations
 w - 4 fruits


   Skills:
 + Level 6.2 Fighting
 * Level 8.4 Long Blades
 + Level 6.0 Armour
 + Level 5.0 Dodging
 + Level 6.9 Shields


You had 7 spell levels left.
You didn't know any spells.

Dungeon Overview and Level Annotations

Branches:
Dungeon (7/15)             Temple (1/1) D:6

Altars:
Cheibriados
Dithmenos
Fedhas
Makhleb
Nemelex Xobeh
Pakellas
Qazlal
Ru
Sif Muna
Trog
Vehumet
Lugonu

Annotations:
D:7 Voda's ghost, novice FoWn


Innate Abilities, Weirdness & Mutations

You reflexively headbutt those who attack you in melee.
You have a pair of horns on your head.


Message History

You hit Voda's ghost but do no damage. Your headbutt misses Voda's ghost.
Voda's ghost is heavily damaged.
Voda's ghost hits you!
* * * LOW HITPOINT WARNING * * *
You slash Voda's ghost!
Voda's ghost is severely damaged.
Voda's ghost hits you but does no damage.
You closely miss Voda's ghost.
Voda's ghost is severely damaged.
You hit Voda's ghost. Your headbutt misses Voda's ghost.
Voda's ghost is severely damaged.
You block Voda's ghost's attack.
You hit Voda's ghost but do no damage. Your headbutt misses Voda's ghost.
Voda's ghost is severely damaged.
Voda's ghost hits you!
* * * LOW HITPOINT WARNING * * *
Voda's ghost hits you!
* * * LOW HITPOINT WARNING * * *
Voda's ghost hits you!
You die...

. ... ....# #
#.....####..#
#......@...#
##....W....#
#..........#
#...........#
##...........#
#.....##.....
.....## ##...
.....# ##.


You could see Voda's ghost.

Vanquished Creatures
  Grinder (D:5)
  An orc warrior (D:5)
  2 sky beasts (D:6)
  An ice beast (D:5)
  A black bear (D:5)
  An ogre (D:6)
  A giant frog (D:6)
  A scorpion (D:4)
  A crimson imp (D:5)
  2 giant frog skeletons (D:4)
  A giant frog zombie (D:6)
  A hound (D:6)
  2 orc priests
  Crazy Yiuf (D:4)
  2 iguanas
  8 orc wizards
  4 worker ants
  A hound skeleton (D:4)
  10 adders
  12 gnolls
  A shadow imp (D:6)
  An adder skeleton (D:4)
  3 worms (D:2)
  A giant gecko (D:6)
  10 orcs
  3 giant cockroaches
  10 goblins
  4 hobgoblins
  10 jackals
  3 kobolds
  A quokka (D:2)
  2 ball pythons
  10 bats
  A giant gecko skeleton (D:5)
  A giant gecko zombie (D:6)
  5 giant newts
  4 rats
124 creatures vanquished.

Notes
Turn   | Place    | Note
--------------------------------------------------------------
     0 | D:1      | root the Minotaur Fighter began the quest for the Orb.
     0 | D:1      | Reached XP level 1. HP: 19/19 MP: 0/0
   444 | D:1      | Reached XP level 2. HP: 27/27 MP: 1/1
   686 | D:1      | Reached skill level 4 in Fighting
   967 | D:2      | Reached XP level 3. HP: 29/33 MP: 2/2
  1023 | D:2      | Found a sparkling altar of Nemelex Xobeh.
  1317 | D:2      | Reached skill level 1 in Dodging
  1456 | D:2      | Reached XP level 4. HP: 40/40 MP: 3/3
  1562 | D:2      | Found a radiant altar of Vehumet.
  1562 | D:2      | Found a burning altar of Makhleb.
  1566 | D:2      | Became a worshipper of Makhleb the Destroyer
  2388 | D:3      | Found a sparkling altar of Nemelex Xobeh.
  2411 | D:3      | Reached XP level 5. HP: 46/46 MP: 4/4
  2662 | D:4      | Reached * piety under Makhleb
  2690 | D:4      | Reached skill level 5 in Shields
  2716 | D:4      | Reached XP level 6. HP: 48/53 MP: 5/5
  2758 | D:4      | Reached skill level 5 in Long Blades
  2925 | D:4      | Noticed Crazy Yiuf
  2936 | D:4      | Killed Crazy Yiuf
  2977 | D:5      | Entered Level 5 of the Dungeon
  3129 | D:5      | Found a snail-covered altar of Cheibriados.
  3136 | D:5      | Reached skill level 5 in Armour
  3209 | D:5      | Reached XP level 7. HP: 48/60 MP: 6/6
  3268 | D:5      | Reached ** piety under Makhleb
  3273 | D:5      | Reached skill level 6 in Long Blades
  3535 | D:5      | Reached skill level 5 in Fighting
  3673 | D:5      | Noticed Grinder
  3693 | D:5      | Killed Grinder
  3693 | D:5      | Reached skill level 7 in Long Blades
  3789 | D:5      | Reached XP level 8. HP: 69/69 MP: 7/7
  4584 | D:6      | Found a staircase to the Ecumenical Temple.
  4594 | D:6      | Reached skill level 8 in Long Blades
  4604 | Temple   | Entered the Ecumenical Temple
  4821 | D:6      | Reached skill level 5 in Dodging
  4939 | D:6      | Found a deep blue altar of Sif Muna.
  5151 | D:7      | Noticed Voda's ghost (novice FoWn)
  5187 | D:7      | Slain by Voda's ghost

Vault maps used:
D:1:      dpeg_arrival_pits, roderic_roman_lattice
D:2:      gammafunk_temple_overflow_wave, minmay_misc_feat_encased,
          grunt_decor_mini_mirrors, st_stairs_6, nemelex_spade_bored_becter
D:3:      nemelex_xobeh_ov_fountains_minmay, first_bread
D:4:      uniq_crazy_yiuf_cottage
D:5:      nicolae_overflow_crystal_walls, minmay_small_thing, uniq_grinder
D:6:      lemuel_blue_sif_altar, minmay_temple_entry_nine_rooms
D:7:      minmay_overflow_temple_star_quad, the_bakery, cheibriados_altar_1
Temple:   corrupted_temple

Action                   |  1- 3 |  4- 6 |  7- 9 || total
-------------------------+-------+-------+-------++-------
Melee: Long sword        |   108 |   178 |   207 ||   493
  Eat: Chunk             |     2 |     6 |     6 ||    14
